 Dungeon Crawl Stone Soup version 0.30-a0-1050-g2766ea1e55 (webtiles) character file.

Game seed: 15110689752463636158

5954 Ic0nGaming the Slicer (level 11, -5/62 HPs)
             Began as a Kobold Fighter on Apr 10, 2023.
             Was a Believer of Makhleb.
             Slain by a torpor snail (10 damage)
             ... on level 1 of the Lair of Beasts.
             The game lasted 00:21:26 (8940 turns).

Ic0nGaming the Slicer (Kobold Fighter)              Turns: 8940, Time: 00:21:27

Health: -5/62      AC: 10    Str: 14    XL:     11   Next: 9%
Magic:  13/13      EV: 19    Int:  9    God:    Makhleb [**....]
Gold:   229        SH:  9    Dex: 25    Spells: 10/10 levels left

rFire   + . .      SeeInvis .    a - +5 rapier (venom)
rCold   . . .      Faith    .    c - +2 buckler
rNeg    + . .      Spirit   .    K - +0 steam dragon scales
rPois   .          Reflect  .    h - +0 helmet
rElec   .          Rampage  .    w - +0 cloak
rCorr   +                        s - +0 pair of gloves
Will    .....                    u - +0 pair of boots
Stlth   ++++++                   (no amulet)
HPRegen 0.30/turn                t - ring of positive energy
MPRegen 0.13/turn                C - ring "Gukhuc" {rF+ rCorr Dex+6 Stlth+}

@: slowed, very slow
A: small, no large weapons, nightstalker 3
a: Renounce Religion, Minor Destruction


You were on level 1 of the Lair of Beasts.
You worshipped Makhleb.
Makhleb was pleased with you.
You visited 3 branches of the dungeon, and saw 11 of its levels.

You collected 1516 gold pieces.
You spent 1287 gold pieces at shops.

Inventory:

Hand Weapons
 a - a +5 rapier of venom (weapon)
 g - a +0 rapier
 q - a +0 scimitar
Missiles
 d - 4 throwing nets
 n - 11 boomerangs (quivered)
 p - 2 datura-tipped darts
 E - an atropa-tipped dart
 H - 5 silver boomerangs
Armour
 c - a +2 buckler (worn)
 h - a +0 helmet (worn)
 s - a +0 pair of gloves (worn)
 u - a +0 pair of boots (worn)
 w - a +0 cloak (worn)
 K - +0 steam dragon scales (worn)
 L - the +2 helmet of Peek-a-Boo {rC- Str+5 Slay+2}
   (You bought it in a shop on level 9 of the Dungeon)

   Str:       It affects your strength (+5).
   Slay:      It affects your accuracy & damage with ranged weapons and melee
   (+2).
   rC:        It makes you vulnerable to cold.
Jewellery
 t - a ring of positive energy (left hand)
 C - the ring "Gukhuc" (right hand) {rF+ rCorr Dex+6 Stlth+}
   (You acquired it on level 2 of the Dungeon)

   [ring of dexterity]

   Dex:       It affects your dexterity (+6).
   rF:        It protects you from fire.
   rCorr:     It protects you from acid and corrosion.
   Stlth:     It makes you more stealthy.
Wands
 z - a wand of flame (25)
 D - a wand of paralysis (2)
 J - a wand of polymorph (13)
Scrolls
 b - a scroll of fear
 r - 4 scrolls of teleportation
 y - 3 scrolls of fog
 I - a scroll of magic mapping
Potions
 e - 3 potions of resistance
 f - 3 potions of curing
 i - 2 potions of haste
 j - 2 potions of lignification
 k - 2 potions of magic
 l - 3 potions of flight
 m - 2 potions of mutation
 o - 3 potions of heal wounds
 v - a potion of attraction
 x - 2 potions of might
 A - 2 potions of cancellation
 B - a potion of brilliance {unknown}
 F - a potion of berserk rage {unknown}
 G - a potion of ambrosia {unknown}


   Skills:
 + Level 4.5 Fighting
 - Level 14.0 Short Blades
 - Level 4.1 Throwing
 - Level 4.8 Armour
 - Level 5.8 Dodging
 - Level 7.0 Stealth
 - Level 4.7 Shields
 + Level 2.8 Invocations
 + Level 3.0 Evocations


You had 10 spell levels left.
You didn't know any spells.
Your spell library contained the following spells:

 Spells                   Type           Power      Damage    Failure   Level
 Apportation              Tloc           0%         N/A       52%         1
 Cigotuvi's Dreadful Rot  Necr/Pois/Air  0%         N/A       65%         2
 Ensorcelled Hibernation  Hex/Ice        0%         N/A       65%         2
 Ignite Poison            Fire/Tmut/Pois 0%         N/A       87%         3
 Spider Form              Tmut/Pois      0%         N/A       87%         3
 Anguish                  Hex/Necr       0%         N/A       99%         4
 Alistair's Intoxication  Tmut/Pois      0%         N/A       100%        5
 Freezing Cloud           Conj/Ice/Air   0%         6-21      100%        5


Dungeon Overview and Level Annotations

Branches:
Dungeon (9/15)             Temple (1/1) D:6            Lair (1/5) D:8
    Orc: D:9-12

Altars:
Ashenzari
Cheibriados
Dithmenos
Fedhas
Gozag
Hepliaklqana
Makhleb
Nemelex Xobeh
Okawaru
Qazlal
Ru
Sif Muna
Trog
Uskayaw
Vehumet
Wu Jian
Xom
Yredelemnul
The Shining One

Shops:
D:2 ?   D:7 :   D:9 [


Innate Abilities, Weirdness & Mutations

You are small and have problems with some larger weapons.
You are completely attuned to the shadows.


Message History

You climb downwards.
Welcome to the Lair of Beasts!
Found 11 gold pieces.
There is a staircase back to the Dungeon here.
A bullfrog is nearby!
The helpless bullfrog fails to defend itself.
You perforate the bullfrog like a sieve!!!!
You kill the bullfrog!
Makhleb accepts your kill.
Your Evocations skill increases to level 3!
There is a staircase back to the Dungeon here.
You now have 229 gold pieces (gained 11).
There is a staircase back to the Dungeon here.
Found a stone staircase leading down.
Found a stone staircase leading down.
A torpor snail comes into view.
Being near the torpor snail leaves you feeling lethargic.
A death yak comes into view.
You puncture the torpor snail!
The torpor snail is poisoned.
The torpor snail is lightly wounded.
The torpor snail bites you!!
You puncture the torpor snail!
The torpor snail looks as sick as possible!
The torpor snail is moderately wounded.
You hit the torpor snail.
The torpor snail looks as sick as possible!
The torpor snail is heavily wounded.
You block the torpor snail's attack.
You hit the torpor snail but do no damage.
The torpor snail looks as sick as possible!
The torpor snail is heavily wounded.
Unknown command.
The death yak attacks as you move away! The death yak gores you!
The torpor snail bites you. The death yak gores you!!
* * * LOW HITPOINT WARNING * * *
You block the torpor snail's attack.
Unknown command.
As you read the scroll of fear, it crumbles to dust.
You assume a fearsome visage.
The torpor snail easily resists.
The death yak looks frightened!
The torpor snail bites you!
You die...

####.⌠
###.#...
#....⌠.>
###.......
#.Y.@..# .#
#.#w#.###+.#.
.....##......#
...#..#.......
.......#.....
..+...⌠...
..#.#.....
##.#.....#.
....#......#


You could see a death yak (fleeing) and a torpor snail (extremely poisoned).

Vanquished Creatures
  A two-headed ogre (D:9)
  A boulder beetle (D:8)
  Pikel (D:4)
  A komodo dragon (D:8)
  Grinder (D:3)
  Sigmund (D:6)
  A wyvern (D:7)
  3 steam dragons
  2 water moccasins
  3 black bears
  An ice beast (D:6)
  2 orc warriors
  A sky beast (D:8)
  3 ogres
  4 lemures (D:4)
  2 kobold brigands
  3 bullfrogs
  3 scorpions
  A gnoll sergeant (D:6)
  4 killer bees (D:8)
  7 howler monkeys
  4 jellies (D:4)
  A gnoll bouda (D:5)
  4 hounds
  Crazy Yiuf (D:3)
  4 orc priests
  A sleepcap (D:7)
  5 orc wizards
  5 iguanas
  19 gnolls
  5 adders
  A shadow imp (D:5)
  2 white imps
  An ufetubus (D:6)
  4 worms
  A dart slug (D:4)
  29 orcs
  9 ball pythons
  12 endoplasms
  7 giant cockroaches
  10 goblins
  4 hobgoblins
  7 jackals
  A quokka (D:2)
  3 bats
  2 frilled lizards
  21 kobolds
  3 rats
212 creatures vanquished.

Vanquished Creatures (others)
  5 fungi
  3 plants
  11 toadstools (D:4)
19 creatures vanquished.

Grand Total: 231 creatures vanquished

Notes
Turn   | Place    | Note
-------+----------+-------------------------------------------
     0 | D:1      | Ic0nGaming the Kobold Fighter began the quest for the Orb.
     0 | D:1      | Reached XP level 1. HP: 14/14 MP: 1/1
    57 | D:1      | Reached skill level 3 in Short Blades
   166 | D:1      | Reached XP level 2. HP: 19/19 MP: 2/2
   209 | D:1      | You fall into a shaft and drop 1 floor!
   367 | D:1      | Reached skill level 4 in Short Blades
   873 | D:2      | Reached XP level 3. HP: 23/23 MP: 3/3
   889 | D:2      | Found Jekajuff's Magic Scroll Shop.
   895 | D:2      | Bought a scroll of identify for 28 gold pieces
  1389 | D:2      | Reached skill level 5 in Short Blades
  1535 | D:2      | Reached XP level 4. HP: 20/28 MP: 4/4
  1969 | D:3      | Noticed Grinder
  1977 | D:3      | Paralysed by Grinder for 3 turns
  1983 | D:3      | Killed Grinder
  1984 | D:3      | Reached skill level 8 in Short Blades
  1984 | D:3      | Reached XP level 5. HP: 13/32 MP: 5/5
  1984 | D:3      | Reached XP level 6. HP: 15/37 MP: 6/6
  2383 | D:3      | Found a sparkling altar of Nemelex Xobeh.
  2549 | D:3      | Found a runed translucent door.
  2552 | D:3      | Noticed Crazy Yiuf
  2621 | D:3      | Reached skill level 9 in Short Blades
  2840 | D:3      | Reached XP level 7. HP: 33/41 MP: 7/7
  2877 | D:3      | Reached skill level 10 in Short Blades
  3284 | D:3      | Killed Crazy Yiuf
  3805 | D:4      | Noticed Pikel
  3831 | D:4      | Killed Pikel
  3832 | D:4      | Reached skill level 12 in Short Blades
  3832 | D:4      | Reached XP level 8. HP: 19/46 MP: 8/8
  4328 | D:4      | Reached skill level 13 in Short Blades
  4511 | D:5      | Entered Level 5 of the Dungeon
  4715 | D:5      | Reached XP level 9. HP: 45/51 MP: 9/9
  5036 | D:5      | Identified a scroll of acquirement
  5036 | D:5      | Acquired 840 gold pieces
  5057 | D:5      | Reached skill level 14 in Short Blades
  5057 | D:5      | Reached skill level 1 in Throwing
  5232 | D:2      | Bought a scroll of acquirement for 728 gold pieces
  5233 | D:2      | Acquired the ring "Gukhuc" {rF+ rCorr Dex+6 Stlth+}
  5239 | D:2      | Bought a scroll of identify for 28 gold pieces
  5239 | D:2      | Bought a scroll of teleportation for 42 gold pieces
  5239 | D:2      | Bought a scroll of teleportation for 42 gold pieces
  5239 | D:2      | Bought a scroll of enchant armour for 105 gold pieces
  5239 | D:2      | Bought a scroll of enchant weapon for 105 gold pieces
  5563 | D:6      | Reached skill level 1 in Dodging
  5563 | D:6      | Reached skill level 1 in Stealth
  5622 | D:6      | Found a staircase to the Ecumenical Temple.
  5631 | Temple   | Entered the Ecumenical Temple
  5720 | Temple   | Became a worshipper of Makhleb the Destroyer
  5874 | D:6      | Noticed Sigmund
  5881 | D:6      | Killed Sigmund
  6731 | D:7      | Reached XP level 10. HP: 56/56 MP: 10/10
  6920 | D:7      | Reached * piety under Makhleb
  7035 | D:7      | Reached skill level 5 in Stealth
  7198 | D:7      | Found Xacurr's Book Shop.
  8003 | D:8      | Noticed a boulder beetle
  8120 | D:8      | Reached skill level 5 in Dodging
  8418 | D:8      | Killed a boulder beetle
  8449 | D:8      | Found a staircase to the Lair.
  8451 | D:8      | Noticed a komodo dragon
  8462 | D:8      | Killed a komodo dragon
  8643 | D:9      | Found Ging's Antique Armour Boutique.
  8648 | D:9      | Bought a translucent helmet for 209 gold pieces
  8648 | D:9      | Identified the +2 helmet of Peek-a-Boo {rC- Str+5 Slay+2}
                  | (You bought it in a shop on level 9 of the Dungeon)
  8721 | D:9      | Reached skill level 1 in Evocations
  8725 | D:9      | Reached skill level 1 in Invocations
  8758 | D:9      | Noticed a two-headed ogre
  8788 | D:9      | Killed a two-headed ogre
  8789 | D:9      | Reached XP level 11. HP: 51/62 MP: 12/12
  8846 | D:8      | Reached ** piety under Makhleb
  8908 | Lair:1   | Entered Level 1 of the Lair of Beasts
  8933 | Lair:1   | Noticed a death yak
  8940 | Lair:1   | Slain by a torpor snail

Illustrated notes

Levels and vault maps discovered:
D:1:      tarquinn_simple_flora_water_a, layout_rooms,
          hangedman_decor_slide_cut, nicolae_figureground_pulse
D:2:      layout_loops_ring, serial_shops, nicolae_shop_advertising_works
          [nicolae_subvault_shop_adworks]
D:3:      minmay_razor_zed, layout_loops_ring, mainiacjoe_overflow_boulevard,
          uniq_crazy_yiuf_cottage, uniq_grinder
D:4:      cheibrodos_fertilizer, layout_loops_ring, uniq_pikel
D:5:      layout_basic
D:6:      layout_basic, minmay_temple_entry_stoned_glass, serial_corexii_hall,
          corexii_hall_statues_deadend, corexii_hall_statues_t, st_stairs_14,
          item_on_display_a, uniq_sigmund
D:7:      layout_loops_ring, serial_shops, nicolae_shop_statue_plus
D:8:      layout_rooms, david_lair_shrubbed
D:9:      layout_irregular_city, serial_shops, shop, shop,
          minmay_misc_feat_doors, amcnicky_mini_corridor_feature,
          minmay_starry_boxes
Temple:   dpeg_three_leaves_temple
Lair:1:   layout_hall_layers, serial_bayou_shore_a, grunt_megastairs_1

Skill      XL: |  1  2  3  4  5  6  7  8  9 10 11 |
---------------+----------------------------------+-----
Short Blades   | 3 4 5 8 9 12 13 14 | 14.0
Throwing       | 4 |  4.1
Dodging        | 3 5 |  5.8
Stealth        | 4 7 |  7.0
Armour         | 3 4 |  4.8
Shields        | 3 4 |  4.7
Evocations     | 2 3 |  3.0
Invocations    | 2 |  2.8
Fighting       | 4 |  4.5

Action                     |  1- 3 |  4- 6 |  7- 9 | 10-12 || total
---------------------------+-------+-------+-------+-------++-------
  Melee: Rapier            |   110 |    76 |   348 |   143 ||   677
  Throw: Boomerang         |    11 |     5 |     5 |     4 ||    25
         Dart              |       |       |       |     4 ||     4
    Use: Scroll            |     7 |     4 |    14 |     5 ||    30
         Potion            |       |     1 |       |     1 ||     2
   Stab: Sleeping          |       |       |     4 |     9 ||    13
 Armour: Scale mail        |    40 |    20 |    83 |    12 ||   155
         Steam dragon scal |       |       |       |     6 ||     6
  Dodge: Dodged            |    38 |    27 |    94 |    45 ||   204
  Block: Buckler           |    23 |    15 |    64 |    46 ||   148

Table legend: (Time is in decaauts)
 A = Elapsed time spent in this place.
 B = Non-inter-level travel time spent in this place.
 C = Inter-level travel time spent in this place.
 D = Time resting spent in this place.
 E = Time spent auto-exploring this place.
 F = Levels seen in this place.
 G = Mean time per level.
                   A        B        C        D        E       F      G
               +--------+--------+--------+--------+--------+-----+--------+
         Total |   8758 |   8328 |    430 |   1559 |   4993 |  11 |  796.2 |
       Dungeon |   8627 |   8207 |    420 |   1559 |   4927 |   9 |  958.6 |
        Temple |     98 |     89 |      9 |      0 |     55 |   1 |   98.0 |
          Lair |     32 |     32 |      0 |      0 |     11 |   1 |   32.0 |
               +--------+--------+--------+--------+--------+-----+--------+

Top non-repeatable levels by time:
     D:3: 1577 daAuts
     D:4: 1189 daAuts
     D:8: 1127 daAuts
     D:6: 1060 daAuts
     D:2: 1020 daAuts
     D:1: 859 daAuts
     D:7: 834 daAuts
     D:5: 748 daAuts
     D:9: 210 daAuts
  Temple: 98 daAuts
  Lair:1: 32 daAuts
